 Dungeon Crawl Stone Soup version 0.29.0-4-gdea44cf6ec (webtiles) character file.

Game seed: 14488572142942823327

3 xian the Vexing (level 1, 0/7 HPs)
             Began as a Felid Enchanter on Aug 28, 2022.
             Slain by a gnoll
             ... wielding a +0 club
              (6 damage)
             ... on level 1 of the Dungeon.
             The game lasted 00:00:30 (327 turns).

xian the Vexing (Felid Enchanter)                    Turns: 327, Time: 00:00:31

Health: 0/7        AC:  1    Str:  4    XL:     1   Next: 41%
Magic:  4/4        EV: 17    Int: 16    God:
Gold:   11         SH:  0    Dex: 16    Spells: 4/4 levels left
                                        Lives:  0   Deaths: 0

rFire   . . .      SeeInvis +     - Unarmed
rCold   . . .      Faith    .   (shield unavailable)
rNeg    . . .      Spirit   .   (body armour unavailable)
rPois   .          Reflect  .   (helmet unavailable)
rElec   .          Harm     .   (cloak unavailable)
rCorr   .          Rampage  .   (gloves unavailable)
Will    .....                   (boots unavailable)
Stlth   +++.......              (no amulet)
HPRegen 0.02/turn               (no ring)
MPRegen 0.09/turn               (no ring)

@: quick
A: very small, claws 1, fangs 3, see invisible, speed 1, shaggy fur 1, stealthy
paws, no weapons or thrown items, no armour, multi-lived
a: no special abilities


You were on level 1 of the Dungeon.
You visited 1 branch of the dungeon, and saw 1 of its levels.

You collected 11 gold pieces.

Inventory:

Scrolls
 b - a scroll of identify {unknown}
 c - a scroll of immolation {unknown}
Potions
 a - 2 potions of invisibility


   Skills:
 + Level 2.8 Dodging
 + Level 4.0 Stealth
 + Level 1.0 Unarmed Combat
 + Level 2.0 Spellcasting
 + Level 4.6 Hexes


You had 4 spell levels left.
You didn't know any spells.
Your spell library contained the following spells:

 Spells                   Type           Power      Damage    Failure   Level
 Confusing Touch          Hex            16%        N/A       9%          3
 Tukima's Dance           Hex            16%        N/A       9%          3
 Ensorcelled Hibernation  Hex/Ice        18%        N/A       12%         2
 Magic Dart               Conj           4%         1d3       21%         1
 Dazzling Flash           Conj/Hex       18%        N/A       24%         3
 Call Imp                 Summ           1%         N/A       30%         2
 Mephitic Cloud           Conj/Pois/Air  1%         N/A       52%         3


Dungeon Overview and Level Annotations

Branches:
Dungeon (1/15)

Altars:


Innate Abilities, Weirdness & Mutations

You have sharp claws.
You have razor-sharp teeth.
You have supernaturally acute eyesight. (SInv)
You cover ground quickly. (Speed+)
You are covered in fur. (AC +1)
Your paws help you pounce on unaware monsters.
You are incapable of wielding weapons or throwing items.
You cannot wear armour.
You gain extra lives every three experience levels.


Message History

You closely miss the hobgoblin. Your bite misses the hobgoblin.
The hobgoblin is almost dead.
You barely miss the hobgoblin. You bite the hobgoblin.
You kill the hobgoblin!
The rat misses you.
You scratch the rat but do no damage. The rat completely misses you.
You scratch the rat but do no damage. The rat bites you.
* * * LOW HITPOINT WARNING * * *
You scratch the rat.
The rat is heavily wounded.
The rat bites you but does no damage.
You scratch the rat.
You kill the rat!
HP restored.
b - a scroll labelled CAONEUMNIA You now have 11 gold pieces.
Found a stone staircase leading down.
c - a scroll labelled GAOCSE NIKH
Found a spear.
A gnoll comes into view. It is wielding a +0 club.
A gnoll is nearby!
Found 17 gold pieces.
The gnoll shouts!
A bat comes into view.
Found 7 stones.
The bat hits you.
You scratch the gnoll but do no damage. The gnoll completely misses you.
The bat hits you but does no damage.
You scratch the gnoll.
The gnoll is lightly wounded.
The bat hits you but does no damage. The bat closely misses you.
The gnoll barely misses you.
You scratch the gnoll.
The gnoll is moderately wounded.
The bat completely misses you. The gnoll barely misses you.
You closely miss the gnoll. You bite the gnoll, but do no damage.
The gnoll is moderately wounded.
The bat barely misses you. The bat hits you but does no damage.
The gnoll hits you with a +0 club.
Ouch! That really hurt!
You die...

..#≈#....# ..###....#
#. #.. ### #....# . ..
# 8## #..## ( ...#
#### ### #. .#. .
...##. # .. #...#
....#.###. #. #b#.#
....#.....##. #.g.#
...##......#.###@$#
'###...# #........#
.....#..####...##.#
.#...##..###......###
...........##.##).....
....####.#............
....# #.#####..#.....
...## #....# ..#.....
...# #....# ### ....


You could see a gnoll and a bat.

Vanquished Creatures
  A hobgoblin (D:1)
  A bat (D:1)
  A frilled lizard (D:1)
  A rat (D:1)
4 creatures vanquished.

Notes
Turn   | Place    | Note
-------+----------+-------------------------------------------
     0 | D:1      | xian the Felid Enchanter began the quest for the Orb.
     0 | D:1      | Reached XP level 1. HP: 7/7 MP: 4/4
   327 | D:1      | Slain by a gnoll

Illustrated notes

Levels and vault maps discovered:
D:1:      shiori_arrival_elements, layout_rooms, serial_shops,
          nicolae_shop_advertising_works [nicolae_subvault_shop_adworks]

Action                   || total
-------------------------++-------
Melee: Unarmed           ||    19
       Bite              ||     3
Armor: Skin              ||     5
Dodge: Dodged            ||    19
